 Dungeon Crawl Stone Soup version 0.23.1 (webtiles) character file.

Game seed: 7269651011199289691

93 Fang the Skirmisher (level 4, -5/29 HPs)
             Began as a Gargoyle Berserker on Mar 13, 2019.
             Was a Follower of Trog.
             Slain by Sigmund
             ... wielding a +0 scythe
              (8 damage)
             ... on level 2 of the Dungeon.
             The game lasted 00:02:15 (1223 turns).

Fang the Skirmisher (Gargoyle Berserker)            Turns: 1223, Time: 00:02:16

Health: -5/29      AC: 12    Str: 22    XL:     4   Next: 62%
Magic:  4/4        EV:  8    Int:  7    God:    Trog [*.....]
Gold:   68         SH:  0    Dex:  9    Spells: 3/3 levels left

rFire    + . .     SeeInvis .   a - +0 hand axe
rCold    + . .     Gourm    .   (no shield)
rNeg     + . .     Faith    .   m - +0 chain mail
rPois    ∞         Spirit   .   (no helmet)
rElec    +         Reflect  .   e - scarf {rC+ rF+}
rCorr    .         Harm     .   (no gloves)
MR       .....                  (no boots)
Stlth    ..........             (no amulet)
HPRegen  0.09/turn              (no ring)
MPRegen  0.09/turn              (no ring)

@: berserk cooldown, slowed, very slow
A: negative energy resistance 1, electricity resistance, unbreathing,
petrification resistance, rot immunity, AC +3
a: Berserk, Renounce Religion


You were on level 2 of the Dungeon.
You worshipped Trog.
Trog was aware of your devotion.
You were hungry.

You visited 1 branch of the dungeon, and saw 2 of its levels.

You collected 68 gold pieces.

Inventory:

Hand Weapons
 a - a +0 hand axe (weapon)
Armour
 e - a scarf of resistance (worn)
 m - a +0 chain mail (worn)
Scrolls
 d - a scroll of blinking {unknown}
 h - a scroll of remove curse {unknown}
 i - a scroll of teleportation {unknown}
Potions
 b - a potion of cancellation {unknown}
 f - a potion of haste {unknown}
 g - a potion of ambrosia {unknown}
 j - a potion of brilliance {unknown}
 k - a potion of curing {unknown}
 l - a potion of mutation {unknown}
Comestibles
 c - 3 rations
 n - 3 chunks of flesh


   Skills:
 + Level 4.0 Fighting
 + Level 3.3 Axes
 + Level 3.2 Armour
 + Level 2.3 Dodging


You had 3 spell levels left.
You didn't know any spells.
Your spell library was empty.

Dungeon Overview and Level Annotations

Branches:
Dungeon (2/15)

Altars:

Annotations:
D:2 Sigmund


Innate Abilities, Weirdness & Mutations

You are resistant to torment.
Your stone body is resilient. (AC +3)
You are immune to poison.
You resist negative energy. (rN+)
You are resistant to electric shocks. (rElec)
You can survive without breathing.
You are immune to petrification.
You are immune to rotting.


Message History

You feel as though you will be slow longer.
The orc wizard hits you but does no damage.
Something hits you but does no damage. The orc wizard barely misses you.
You can move again.
You hit something. You barely miss the orc wizard.
The orc wizard casts a spell at you. The magic dart hits you.
Something hits you.
* * * LOW HITPOINT WARNING * * *
The orc wizard hits you but does no damage.
You hit something. You hit the orc wizard.
The orc wizard hits you with a +0 dagger.
* * * LOW HITPOINT WARNING * * *
The orc wizard barely misses you.
You hear some strange, mumbled words.
A puff of flame appears from out of thin air!
The puff of flame hits you. You resist.
* * * LOW HITPOINT WARNING * * *
The orc wizard casts a spell.
The orc wizard blinks!
Something hits you!
You die...

..........
#......#............
.................##
.................##
..................
#.........##......
#.........##......
.#######o)...............
........@)...............
.......{§.##.............
..........# ....###......
..........##....##.......
..........##....##.......
###....####....##.......
#............##.......
###............# ###....
#..............#####....


You could see an orc wizard.

Vanquished Creatures
  An orc wizard (D:2)
  3 adders (D:2)
  2 worms (D:2)
  3 orcs (D:2)
  3 goblins
  5 hobgoblins
  2 jackals (D:2)
  2 bats (D:2)
  4 frilled lizards
  5 kobolds
  2 rats (D:1)
32 creatures vanquished.

Notes
Turn   | Place    | Note
-------+----------+-------------------------------------------
     0 | D:1      | Fang the Gargoyle Berserker began the quest for the Orb.
     0 | D:1      | Reached XP level 1. HP: 14/14 MP: 1/1
   124 | D:1      | Reached XP level 2. HP: 12/19 MP: 2/2
   736 | D:2      | Reached XP level 3. HP: 9/24 MP: 3/3
  1204 | D:2      | Noticed Sigmund
  1214 | D:2      | Reached XP level 4. HP: 15/29 MP: 4/4
  1221 | D:2      | Reached skill level 4 in Fighting
  1223 | D:2      | Slain by Sigmund

Skill      XL: |  1  2  3  4 |
---------------+-------------+-----
Axes           | 3 |  3.3
Dodging        | 2 |  2.3
Armour         | 3 |  3.2
Fighting       | 4 |  4.0

Action                   |  1- 3 |  4- 6 || total
-------------------------+-------+-------++-------
Melee: Hand axe          |   103 |     6 ||   109
Invok: Berserk           |       |     1 ||     1
  Eat: Chunk             |     1 |       ||     1
Armor: Animal skin       |    11 |       ||    11
       Chain mail        |    54 |    13 ||    67
Dodge: Dodged            |    60 |     5 ||    65
